[Event "44th Chess Olympiad Open 2022"]
[Site "Chennai"]
[Date "2022.08.06"]
[Round "8.27"]
[White "Lungu, Nase"]
[Black "Berg, Emanuel"]
[Result "1-0"]
[WhiteElo "2216"]
[BlackElo "2533"]
[Annotator "TA"]
[PlyCount "64"]
[EventDate "2022.??.??"]
[TimeControl "60"]

1. c4 e5 2. Nc3 Nf6 3. Nf3 e4 4. Ng5 c6 5. Ngxe4 Nxe4 6. Nxe4 {[%emt 0:00:05] A22:
English Opening: 1...e5 2 Nc3 Nf6.} d5 7. cxd5 cxd5 8. Ng3 {[%emt 0:02:53][%cal Ye4g3,Yg3e2,Ye2c3] White
is better.} (8. Qa4+ $2 Bd7 9. Qd4 dxe4 10. Qxe4+ Be7 $19) 8... h5 {[%emt 0:00:
07] Hoping for ...h4.} 9. e3 h4 10. Ne2 Nc6 11. d4 {[%emt 0:05:41] [#]} Bd6 $146 ({Predecessor:} 11... Bf5 12. Bd2 h3 13. Qb3 Qd7 14. Nf4 Bd6
15. Nxh3 O-O 16. Bd3 Bxh3 17. gxh3 Rac8 18. Qxd5 {½-½ (41) Ding,L (2806)
-Tari,A (2654) chess24.com INT 2022}) 12. Nc3 Qg5 13. Qb3 O-O 14. Qxd5 Qg6 {[%emt 0:00:29] And now ...Nb4 would win.} 15. a3 {[%emt 0:
00:00] Against Nb4} Rd8 16. Be2 (
16. Qe4 $1 $16 ) 16... h3 (16... Be5 $1 $11 {
keeps the balance.} 17. Qf3 Bxd4) 17. gxh3 $2 {[%emt 0:09:00] [#]} (17. Bh5 $16
Qf5 18. gxh3) 17... Be5 $1 $15 18. Qf3 {[%emt 0:07:09] [#]} (
18. Qe4 Bf5) 18... Bxd4 19. Qg3 $1 (19. e4
Ne5) 19... Bxc3+ 20. bxc3 Qc2 21. e4 $1 (21. Kf1 $2 Bf5 22. Rg1 Qxc3 $19) 21... Qxe4 (21... Rd1+ $5 22. Bxd1 Qxe4+ 23. Be2 Qxh1+ 24. Bf1 Qd5 $11)
22. Rg1 g6 23. h4 Ne5 $40 {[%emt 0:07:29] Black has compensation. White needs to
defend precisely.} 24. Kf1 Be6 25. f3 Qf5 {[%emt 0:03:42][%cal Yd8d3] Strongly threatening .. .Rd3!}
26. Bf4 Nd3 27. Bg5 Re8 ({Black should play} 27... f6 $15 28. Be3 Kf7) 28. h5 Bc4 ({Much less strong is} 28... f6 29.
Be3 Qh3+ 30. Rg2 Qxg3 31. Rxg3 Bh3+ 32. Rxh3 $14) 29. hxg6 {[%emt 0:00:00]
Really sharp!} fxg6 30. Rg2 {[%emt 0:02:18] [#]} (
30. Bxd3 $11 {and White stays safe.} Bxd3+ 31. Kg2) 30... Rxe2 $1 $19 31. Rxe2 {[%emt 0:01:37] [#] Threatens to win with Re4.} Ne5 $2 ({Black should try} 31... Nc5 $1 $19 {[%cal Rc5e4] aiming for .
..Ne4.} 32. Qg4 (32. Rae1 $2 Ne4 $19) 32... Qxg4 33. fxg4 Ne4) 32. Bf4 $1 $15 Re8 {[%emt 0:00:00] Weighted Error Value: White=0.31/Black=0.
18 (very precise) . Loss on time!?} (32... Nxf3 $5 33. Qxf3 Re8 $17) 1-0

[Event "44th Chess Olympiad Open 2022"]
[Site "Chennai"]
[Date "2022.08.06"]
[Round "8.28"]
[White "Georgiadis, Nico"]
[Black "Tissir, Mohamed"]
[Result "1-0"]
[WhiteElo "2578"]
[BlackElo "2366"]
[Annotator "TA"]
[PlyCount "61"]
[EventDate "2022.??.??"]
[TimeControl "60"]

1. e4 c5 2. Nf3 d6 3. d4 cxd4 4. Nxd4 Nf6 5. Nc3 a6 6. Be3 Ng4 7. Bc1 Nf6 8. Be3 e6 9. Be2 Be7 10. f4 {[%emt 0:01:16] Recently 10.a3
got a lot of attention.} Qc7 11. g4 Nc6 (11... d5 $14) 12. g5 $16 {[%emt 0:00:00]
B84: Sicilian Scheveningen: 6 Be2 a6, lines without early Be3.} Nd7 13. h4 b5 {[%emt 0:13:42] [#]} 14. Nxc6 $1 {[%emt 0:
04:26] White is better.} Qxc6 15. Qd4 {[%emt 0:06:41] [#]} Rg8
$146 ({Predecessor:} 15... O-O 16. O-O-O Rb8 17. h5 Bb7 18. h6
e5 19. fxe5 Nxe5 20. Nd5 Bd8 21. hxg7 Kxg7 {½-½ (56) Brunello,M (2367)
-Nandhidhaa,P (2365) Tornelo INT 2020}) 16. O-O-O Rb8 17. a3 $36 {[%emt 0:26:02] White is really pushing. 0x0.
0020a9c0880ddp-1022s more active pieces. The black rooks are badly placed.} Rb7 (17... a5 $16 {is a better defense.}) 18. Rhf1 $18 Rc7 19. Kb1 Qc5 (
19... Rb7 $142 20. f5 Rc7) 20. Qd2 Qc6 21. f5 Ne5 22. fxe6 fxe6 23. Bd4 Nc4 (23... g6 {was worth a
try.} 24. Rf2 Nc4 25. Bxc4 (25. Qf4 Rf8 $16) 25... bxc4) 24. Bxc4 (24. Qf4 Rf8 25. Qg3 e5 $16) 24... Qxc4 25. g6 ({Weaker is} 25. Qf2 Rf8 26. Qg1 Rxf1 27. Rxf1 e5 $14) (25. Bb6 Rd7 26.
b3 Qc6 $18) 25... hxg6 26. Qg2 ({Not} 26. Qf2
e5 $16) 26... a5 $2 (26... g5 27. hxg5 e5) 27. Qxg6+ {[%emt 0:
01:46] White is clearly winning.} (27. Qf2 Rf8 28. Qg1 Rxf1 29. Rxf1 b4 $11)
27... Kd7 28. e5 d5 29. Rf7
{[%emt 0:00:29] Bb6 is the strong threat.} Re8 30. Bb6 b4 {[%emt 0:03:30] [#]} 31. Nxd5 $1 {[%emt 0:00:21] Weighted
Error Value: White=0.06 (flawless) /Black=0.38} 1-0

[Event "44th Chess Olympiad Open 2022"]
[Site "Chennai"]
[Date "2022.08.06"]
[Round "8.28"]
[White "Pelletier, Yannick"]
[Black "Hadj Kholti, Yasser"]
[Result "1-0"]
[WhiteElo "2551"]
[BlackElo "1871"]
[Annotator "TA"]
[PlyCount "73"]
[EventDate "2022.??.??"]
[TimeControl "60"]

1. d4 Nf6 2. c4 e6 3. Nf3 b6 4. g3 Bb4+ 5. Bd2 Bxd2+ 6. Qxd2 Bb7 7. Bg2 O-O 8. O-O d6 9. Qd3 {[%emt 0:01:17] E16:
Queen's Indian: 4 g3 Bb7 5 Bg2 Bb4+.} Be4 10. Qe3 Bb7 11. Nc3 {[%emt 0:00:06] White is slightly better.}
Nbd7 12. Qd3 Qe7 13. e4 Rfd8 14. Rfe1 {[%emt 0:00:20] [#]} a6 $146 ({Predecessor:} 14... c6 15. d5 Ne5 16. Nxe5 dxe5 17. Qe2 c5
18. a4 a5 19. Rad1 Ne8 20. Qh5 Qf6 21. f4 exf4 22. e5 Qg6 23. Qxg6 hxg6 24.
gxf4 exd5 25. cxd5 {1-0 (35) Arsovic,G (2368)-Jevtic,S (2236) Jahorina 2018})
15. Rad1 c5 16. Qc2 (16. d5
$5 ) 16... cxd4 17. Nxd4 Ne5 18. b3 Qc7 19. Qb2 Rac8 20. a4 {[%emt 0:02:35] Inhibits b5.}
Nc6 21. Nc2 Ne7 22. Ne3 Qc5 $2 {[%emt 0:03:32] Loses the game.} (22... Nc6 $11) 23. e5
$1 $18 Nfd5 24. Ne4 {[%emt 0:00:00] White is
clearly winning.} ({Weaker is} 24. cxd5 Qxc3 25. Qxc3 Rxc3 $16) (24. Ncxd5 exd5
25. cxd5 (25. Nxd5 Bxd5 26. cxd5 dxe5 $18) 25... b5 $18) 24... Nxe3 25. Nxc5 {[%emt 0:00:14] Discovered Attack} Nxd1 26.
Rxd1 Bxg2 {[%emt 0:00:09] [#]} 27. Rxd6 $1 {[%emt 0:08:15]
And now Nxe6 would win.} bxc5 (27... Bc6 28. Nxa6) 28. Kxg2 Nc6 29. Qd2 {[%emt 0:00:00][%cal Yd6c6] Rxc6!
is the strong threat.} Kf8 (29... Re8 $142 30. Qe3 Nb4) 30.
Qe3 Nd4 31. b4 Rxd6 32. exd6 {[%emt 0:00:05] [#] Hoping for bxc5. KQ-KRN} Ke8 33. bxc5 Nc6 34. Qd3 {
[%emt 0:01:54] Strongly threatening d7+.} Ne5 35. Qxh7 Rxc5 36. Qxg7 {[%emt 0:00:27] Black must now
prevent Qg5.} Kd7 37. h4 {[%emt 0:04:36] Weighted Error Value:
White=0.06 (flawless) /Black=0.47} 1-0

[Event "44th Chess Olympiad Open 2022"]
[Site "Chennai"]
[Date "2022.08.06"]
[Round "8.28"]
[White "Choukri, Adel"]
[Black "Bogner, Sebastian"]
[Result "1-0"]
[WhiteElo "2306"]
[BlackElo "2545"]
[Annotator "TA"]
[PlyCount "75"]
[EventDate "2022.??.??"]
[TimeControl "60"]

1. e4 {[%emt 0:00:16] Meulders,R} c5 2. Nf3 e6 3. d4 cxd4 4. Nxd4 Nc6 5. Nc3 Qc7 6. Ndb5 Qb8 7. Be3 a6 8. Bb6 axb5 9.
Nxb5 Bb4+ 10. c3 Ba5 $1 {
[%emt 0:01:12] B47: Sicilian: Taimanov: 5 Nc3 Qc7 6 f4, 6 g3 and 6 Be2.} 11.
Nc7+ $1 Kf8 $2 (11... Qxc7 $11 12. Bxc7 Bxc7)
12. Nxa8 $18 Qxa8 {[%emt 0:00:15] [#] White is clearly better.
} 13. Qd6+ $1 Nge7 {[%emt 0:06:21] [#]} 14. Qa3 $1 f5 (14... Qb8 {was worth a try.} 15. Bxa5 Qe5) 15. b4 fxe4 16. bxa5 {[%emt 0:00:
28] [#]} Ke8 $146 ({Predecessor:} 16... Kf7 17. Qd6 Nd5 18.
Bc4 Nxb6 19. axb6 Qa5 20. O-O Qxc3 21. Rac1 Qd4 22. Qxd4 Nxd4 {1-0 (46)
Ponomariov,R (2616)-Ivanisevic,I (2447) Batumi 1999 CBM 074 [Meulders,R]}) 17.
c4 {[%emt 0:04:59] Against Nd5} Nf5 18. Be2 Qb8 19. Qc3 {[%emt 0:03:02] Inhibits Nfd4.} Rf8 20. h4 Qd6 21. Rd1 {[%emt 0:04:01]
Against Ncd4} Qe7 22. g3 e5 23. Rd5 d6 24. Bg4 (24. O-O
$18) 24... Be6 (24... e3 $16) 25. Bxf5 Rxf5 26. Qc2 Qf7 $2 (26... Rf7 27.
Qxe4 (27. Rd2 Bg4 $16) 27... Nd4) 27. Rxd6 {[%emt 0:00:00] Strongly
threatening a6.} Bxc4 28. Qxe4 (28. Qa4 $142
{[%cal Ya5a6] aiming for a6!} Rf3 29. a6 Bxa6 30. Rxc6 bxc6 31. Qxa6) 28... Rf6 29. Rxf6 gxf6 30. f3 f5 31. Qe3 f4 32. gxf4 Qg6 33. Rg1 ({
Don't do} 33. Kf2 Qc2+ 34. Kg3 Qg6+ 35. Kh2 Qc2+ 36. Qf2 Qf5 $18) 33... Qb1+ 34. Kf2 Qc2+ 35. Kg3 Ne7 (35... Qg6+ $142 36. Kh2 Qh6 37. fxe5
Qxh4+ 38. Kg2 Ne7) 36. Qxe5 {[%emt 0:00:50] Threatens to win with Re1. White
is clearly winning.} Kf7 37. Qh5+ Ke6 38. Qe8 {[%emt 0:02:10] Weighted Error Value: White=0.31/
Black=0.54} 1-0

[Event "44th Chess Olympiad Open 2022"]
[Site "Chennai"]
[Date "2022.08.06"]
[Round "8.28"]
[White "Zrikem, Nassim"]
[Black "Baenziger, Fabian"]
[Result "1/2-1/2"]
[WhiteElo "2075"]
[BlackElo "2451"]
[Annotator "TA"]
[PlyCount "110"]
[EventDate "2022.??.??"]
[TimeControl "60"]

1. e4 c5 2. Nf3 d6 3. Bb5+ Bd7 4. Qe2 Bxb5 5. Qxb5+ Qd7 $1 6. Qxd7+ {[%emt 0:01:28] B52: Sicilian:
Moscow Variation with 3...Bd7.} Nxd7 7. d3 Ngf6 8. Nc3 e6 9. O-O (9. Nb5 {keeps more tension.} Ke7 10. Bf4 Ne8 11. a4) 9... a6 10. a4 Be7 11. Re1 Rc8 12. Bf4 O-O {[%emt 0:02:55] [#]}
13. h3 $146 ({Predecessor:} 13. Rad1 Rfd8 14. h3 {½-½ (14)
Gomez Garrido,C (2511)-Bacallao Alonso,Y (2605) Havana 2018}) 13... Rfd8 14. a5 Bf8 15. g4 h6 16. Bg3 d5 17. e5 Nh7 18. Nd2 Nb8 19. Na4 Nc6 20. Nb6 Rc7 21. Red1 Nd4 22. c3 Ne2+ 23. Kg2 Nxg3 24. Kxg3 f6 (
24... g5 $15) 25. exf6 Bd6+ 26. Kg2 gxf6 27. Re1 (27. c4 $11) 27... Nf8
$15 28. Ra4 Rc6 29. f4 Bc7 30. f5 {[%emt 0:00:00] Inhibits Ng6.} Bxb6 31. axb6 Rxb6 32. b4 cxb4 33. Rxb4 Rdd6 34. Reb1 Rxb4 35. Rxb4 $17 {[%emt 0:
00:19] Endgame KRN-KRN} b5 36. Nb3 (36. fxe6
$142 Nxe6 37. Kf2) 36... exf5 37. gxf5 Rc6 38. c4 (38. Kf2 $17) 38... bxc4 (38... dxc4 $19 39. dxc4 Rxc4 40. Rxc4 bxc4) 39. dxc4 dxc4 (39... Rxc4 $17 40. Rb8 Kf7) 40. Na5 $15 Rc5 41. Nxc4 Rxf5 {[%emt 0:30:03] Hoping for ... Rf4.} 42. Rb6 a5 43. Ra6 Rc5 44. Nxa5 Kg7 45. Nb7 Rc2+ 46. Kg3 Rc3+ 47. Kh2 Kg6 48. Nd6 Nd7 49. Ne4 Rf3 50. Re6 Ne5 (50... h5 $15)
51. Nxf6 $1 $11 {[%emt 0:00:00] [#] Strongly threatening Ng4+. The position is
equal.} Kf5 {[%emt 0:00:00] Prevents Ng4.} 52. Ra6 Nd3 53. Ng4 Kg5 54. Rxh6 Nf4 55. Rh8 Rxh3+ {[%emt 0:
00:00] And White is the lucky defender. Weighted Error Value: White=0.11 (very
precise) /Black=0.12 (very precise)} 1/2-1/2

[Event "44th Chess Olympiad Open 2022"]
[Site "Chennai"]
[Date "2022.08.06"]
[Round "8.29"]
[White "Bilguun, Sumiya"]
[Black "Averbukh, Alex"]
[Result "1-0"]
[WhiteElo "2463"]
[BlackElo "2155"]
[Annotator "TA"]
[PlyCount "97"]
[EventDate "2022.??.??"]
[TimeControl "60"]

1. e4 e5 2.
Bc4 Nf6 3. d3 c6 4. Bb3 a5 5. a3 d5 6. Nf3 {[%emt 0:00:43] C24: Bishop's
Opening: 2...Nf6.} a4 7. Ba2 Bd6 8. Nc3 {[%emt 0:01:59][%cal Re4d5] The position is equal.} d4 9. Ne2 O-O 10. O-O c5 11. Ng3 Be6 {[%emt 0:00:45] [#]} 12. Nf5 $146 ({Predecessor:} 12. h3 Nc6 13. Nh4 g6 14. Bg5 Bxa2 15. Rxa2
Be7 16. f4 Nd7 17. Bxe7 Qxe7 18. Qg4 {1-0 (85) Kovalev,V (2640) -Fridman,D 
(2640) Liepaja 2017}) 12... Bxf5 13. exf5 Nc6 14. Bg5 h6 15. Bh4 Be7 16. Re1 Nd7 17. Bg3 Bf6 18.
h3 Ne7 19. Nxe5 Nxe5 20. Bxe5 Nxf5 21. Qh5 Nd6 22. Bf4 Rc8 23. Qd5 Rc6 24. Re2 Nc8 25. Qh5 $36 {[%emt 0:00:23] White has strong initiative.} Ne7 (25... Bg5 $142 26. Bxg5 Qxg5 27. Qxg5 hxg5) 26. Rae1 {
[%emt 0:00:52] White is more active.} Qd7 27. Qf3 ({White should try} 27. g4 $16) 27... Ng6 28. Bg3 Bg5 29. Qd5 Qxd5 30. Bxd5 Rb6 (30... Rf6 $16 {was worth
a try.}) 31. Bc7 $1 $18 {[%emt 0:03:17] A strong pair of Bishops.} Rxb2 {
[%emt 0:05:37] [#]} 32. g3 {[%emt 0:00:16] Against Bf4} (32. Bd6 $1 $16) 32...
Kh7 {[%emt 0:02:33] [#]} (32... Bd8 $1 $14 33. Bd6 Ba5) 33. Re8 $1 $16 Rxc2 (33... Bf6 $16) 34. h4 Rxe8 (34... Be3 35. Rxf8 Bxf2+ 36. Kf1 Bxe1 37. Be4 (37. Rxf7
Rc1 $16)) 35. Rxe8 Bf6 (35... Nxh4 $16 36.
gxh4 Bxh4) 36. Bxf7 $18 h5 37. Bg8+ Kh6 38. Bd5 {[%emt 0:00:02] Threatens to win with Be4.
} Ne7 39. Bxb7 (39. Be4 $142 g6 40. Rb8 (40. Bxb7 Rc3 $16)) 39... g5 (39... c4 $142 40. Be4
g6 41. dxc4 Rxc4 42. Bf4+ Kh7) 40. Bd8 Re2 (
40... gxh4 41. Bxe7 Bxe7) 41. Be4 {[%emt 0:30:35] White is clearly winning.}
Re1+ 42. Kg2 Nd5 43. hxg5+ Bxg5 44. Bxg5+ Kxg5 {[%emt 0:
00:52] KRB-KRN} 45. Re5+ Kf6 46. Rxd5 c4 47. Rxd4 cxd3 48. Bxd3 Rd1 49. Rf4+ {[%emt 0:00:00]
Weighted Error Value: White=0.11 (very precise) /Black=0.34} 1-0

[Event "44th Chess Olympiad Open 2022"]
[Site "Chennai"]
[Date "2022.08.06"]
[Round "8.29"]
[White "Kojima, Shinya"]
[Black "Gundavaa, Bayarsaikhan"]
[Result "0-1"]
[WhiteElo "2346"]
[BlackElo "2503"]
[Annotator "TA"]
[PlyCount "94"]
[EventDate "2022.??.??"]
[TimeControl "60"]

1. e4 c5 2. Nf3 d6 3. Bb5+ Nd7 4. Ba4 Ngf6 5. O-O e6 6. d3 {[%emt 0:00:47] B51: Sicilian:
Moscow Variation (3 Bb5+) without 3...Bd7.} a6 7. c4 Be7 8. Nc3 {[%emt 0:00:11] The position is equal.} O-O 9. h3 Qc7 10. Re1 Ne5 {[%emt 0:00:55] [#]} 11. Be3 $146 ({Predecessor:} 
11. Bf4 Bd7 12. Bc2 b5 13. Bxe5 dxe5 14. cxb5 axb5 15. a4 bxa4 16. Bxa4 Rab8
17. Qc2 {1-0 (152) Afanasiev,N (2519)-Pingin,A (2244) Khanty-Mansiysk 2020})
11... Nfd7 12. Rb1 Bf6 13.
Nh2 Nc6 14. Ng4 Bd4 15. Bxc6 bxc6 16. Bxd4 cxd4 17. Ne2 e5 18. Ng3 (18. a3 $15) 18... a5 $17 {[%emt 0:09:42] White
is now going downhill.} 19. Qf3 f6 20. h4 Nc5 21. Red1 Qd7 22. Nh2 g6 23. h5 Qg7 24. hxg6 (24. b3 {might work better.}) 24...
hxg6 $19 25. Qe2 f5 26. f3 Ra7 27. Nhf1 Qf6 ({Don't blunder} 27... f4 $2 28. Nh1 $17) 28. Nh1 Rh7 29. Nf2 Kg7 {[%emt 0:00:00] White must now
prevent ...Ne6.} 30. Qd2 Qd8 {[%emt 0:00:00] ...fxe4 is the
strong threat.} 31. b3 (31. Re1 $142) 31... Rfh8 {[%emt 0:00:
00] Hoping for ...Ne6.} 32. a3 $2 (32. exf5 gxf5 33. f4) 32...
Ne6 33. g3 {[%emt 0:01:36] Inhibits Nf4.} (33. exf5 $142 gxf5
34. Nh3) 33... f4 {[%emt 0:01:52] Strongly threatening ...fxg3.} 34. g4 Rh4 {[%emt 0:00:07] aiming for ...Ng5.} 35. b4 Ng5 36. Kg2 Qg8 37. b5 Qh7 38. Qxa5 {[%emt 0:00:31] [#]} Rh1 $1 {
[%emt 0:04:14][%cal Yh7h2] ( -> ...Qh2+!)} 39. Qc7+ (39. Qa7+
Nf7) 39... Nf7 40. Nxh1 Qxh1+ 41. Kf2 {[%emt 0:30:10] [#]} Rh3 $1 {[%emt 0:31:06][%cal Yh8h3,Yh3f3,Yf3f2,
Yf2c2] Black mates.} 42. Ke1 Rxf3 43. Kd2 Rf2+ 44. Kc1 Bxg4 45. b6 Bxd1 46. b7 Rc2+ 47. Kxd1 Rf2 {[%emt 0:00:00] Weighted
Error Value: White=0.87/Black=0.22 (precise)} 0-1

[Event "44th Chess Olympiad Open 2022"]
[Site "Chennai"]
[Date "2022.08.06"]
[Round "8.29"]
[White "Kobayashi, Atsuhiko"]
[Black "Gan-Erdene, Sugar"]
[Result "0-1"]
[WhiteElo "2156"]
[BlackElo "2428"]
[Annotator "TA"]
[PlyCount "72"]
[EventDate "2022.??.??"]
[TimeControl "60"]

1. d4 Nf6 2.
c4 g6 3. Nc3 Bg7 4. e4 d6 5. h3 O-O 6. Bg5 c5 7. d5 Qa5 {[%emt 0:03:39] aiming for ...Nxe4.} 8. Bd3 {[%emt 0:06:00] [#] E71:
King's Indian: 4 e4 d6 5 h3.} (8. Qd2 $14 {keeps the upper hand.}) 8... e6 (8... Nxe4 $1 $17 9. Bxe4 Bxc3+ 10. Bd2 (10. bxc3 Qxc3+ 11. Kf1
Qe5 $17) 10... Bxd2+ 11. Qxd2 Qxd2+ 12. Kxd2 Nd7) 9. Bd2 exd5 10. exd5 {[%emt 0:05:43] The position is equal.} Nbd7 11. f4 Nh5 (11... Qd8 $11) 12. Nge2 (12. g4 $1 $16 Nhf6 13. Nf3) 12... Qd8 $1 $11 13. O-O f5 $1 14. Qc2 {[%emt 0:03:00] [#]} Ndf6 $146 ({Predecessor:} 14... Re8 15. Rae1 Nf8 16. Kh2 a6 17. g3 Bd7 18. a4 Qc7
19. b3 Re7 20. Ng1 Rae8 21. Rxe7 Rxe7 {½-½ (93) Damljanovic,B (2587)
-Guseinov,G (2505) Istanbul 2003}) 15. a3 Bd7 16. b4 Qc7 17. Be3 Rae8 18. Rf3 (18. Qd2 $11 {keeps the
balance.}) 18... Ne4 {[%emt 0:08:52] Threatens to win with . ..Nxc3.} 19. Kh2 Nxc3 {[%emt 0:04:08] Black is more active.} 20. Nxc3 {[%emt 0:
00:08] [#]} Rxe3 $1 21. Rxe3 Nxf4 {[%emt 0:
00:22] Strongly threatening ...cxb4.} 22. Rae1 (22. Rf3 $1 $15
Be5 23. g3 cxb4 24. axb4 Nxd3 25. Qxd3) 22... Be5 (22... cxb4
$142 23. Nb5 (23. axb4 Bxc3 24. Qxc3 Nxd5 $17) 23... Qc5 24. axb4 Qxb4) 23. Kh1 cxb4 24. axb4 Qb6 {[%emt 0:01:01] Against c5} ({Black should try} 24... Bxc3 $17 25. Qxc3
Nxd5) 25. Qb3 (25. Nb5 $1 $15 Bxb5 26. cxb5) 25... Qd4 26. Bf1 Nh5 $36 {[%emt 0:02:15]
Inhibits g3. ...Qh4 is the strong threat. White is under strong pressure.} 27.
Ne2 {[%emt 0:00:35] [#]} (27. c5 $17) 27... Qh4 $1 $19 28. g3
{[%emt 0:00:54] [#]} (28. Rd1 {was worth a try.} f4 29. Re4) 28... Nxg3+ $1 29. Nxg3 (29. Rxg3 f4) 29... Bxg3 {[%emt 0:00:
32] A strong pair of Bishops.} (29... f4 $19 {and Black stays clearly on top.}
30. Rf3 (30. Rxe5 $2 dxe5 31. Kg1 fxg3 $19) 30... Bxh3 31. Rxe5 Bg4+ 32. Kg2
Bxf3+ 33. Qxf3 fxg3 34. Qxg3 Qxg3+ 35. Kxg3 dxe5) 30. R1e2 (
30. Rxg3 $17 {might work better.} f4 31. Kh2) 30... f4 31. Rf3 (31. Re6 {was the crucial defense.}) 31...
g5 32. Kg1 Bxh3 33. Bxh3 Qxh3 34. Rg2 Re8 {[%emt 0:00:
40] ( -> ...Re1+)} 35. Rfxg3 fxg3 {[%emt 0:00:54] Really
sharp!} 36. Rxg3 $2 (36. Qxg3 $19 Qxg3 37. Rxg3) 36... Re1+ {
[%emt 0:00:06] Weighted Error Value: White=0.70/ Black=0.41} 0-1

[Event "44th Chess Olympiad Open 2022"]
[Site "Chennai"]
[Date "2022.08.06"]
[Round "8.30"]
[White "Megaranto, Susanto"]
[Black "Al Qudaimi, Basheer"]
[Result "1-0"]
[WhiteElo "2529"]
[BlackElo "2424"]
[Annotator "TA"]
[PlyCount "110"]
[EventDate "2022.??.??"]
[TimeControl "60"]

1.
d4 Nf6 2. Nf3 e6 3. c4 Bb4+ 4. Nbd2 d5 5. e3 Nbd7 6. a3 {
[%emt 0:00:19] E11: Bogo-Indian.} Be7 7. Bd3 c5 8. O-O {[%emt 0:02:39] The position is equal.} O-O 9. b3 b6 {[%emt 0:01:13] [#]} 10. cxd5 $5 $146
{[%emt 0:08:48] An interesting novelty.} ({Predecessor:} 10. Bb2 Bb7 11. Qe2
Rc8 12. Rfd1 Qc7 13. Rac1 Qb8 14. Bb1 dxc4 15. Nxc4 cxd4 16. Nxd4 Nc5 17. b4
Ncd7 18. e4 Rfd8 19. e5 {1-0 (35) Samadov,R (2375)-Meskovs,N (2561) Terme
Catez 2022}) 10... Nxd5 11. Nc4 cxd4 12. exd4 Bb7 13. Bd2 Rc8 14. Rc1 a6 15. b4 b5 16. Na5 Rxc1 17. Qxc1 Qa8 18. Qb1 g6 19. h4 Rc8 {[%emt 0:04:03] Strongly threatening ...Nc3.}
20. Nxb7 Qxb7 21. h5 Kg7 22. Re1 Bf6 23.
Qb3 Qa7 (23... N7b6 $5 ) 24.
Re4 (24. a4 $11) 24... N7b6 $15 25. Ne5 {
[%emt 0:06:58] Against Nc4} Qc7 (25... Qe7 $17) 26. Ng4 $11 Be7 27. Re1 Nf4 ({Black should play} 27... Bd6 $11) 28. d5 (28. Rc1 $1
$14 Qxc1+ 29. Bxc1 Rxc1+ 30. Kh2) 28... Nbxd5 29. h6+ Kg8 ({Much weaker is} 29... Kh8 30. Qb2+ f6
31. Bf1 $11) 30. Be4 Nf6 (30... Nc3 $17 {
aiming for ...Nfe2+.} 31. g3 Nfe2+ 32. Kh2 Nxe4) 31. Nxf6+ Bxf6 32. Qf3 $36 {[%emt 0:00:20] White is pushing.} e5 {
[%emt 0:04:05] Loses the game.} (32... Bg5 $1 $11 {and Black stays safe.}) 33.
g3 $1 $18 Nh5 34. Be3 Be7 35. Rc1 ({Not} 35. Bd5 Nf6 $11) 35... Qb8 36. Rxc8+ Qxc8 37. Bb7 Qe6 38. Bd5 {[%emt 0:00:28] White has strong
compensation. This bishop pair is nice.} Qf6 39. Qg4 Qd6 40. Qc8+ Qd8 {[%emt 0:00:59] [#]}
41. Bb7 Qxc8 42. Bxc8 {[%emt 0:00:00]
Endgame KBB-KBN} Nf6 {[%emt 0:00:01] [#]} 43. Bg5 $1 ({
Don't do} 43. Bxa6 $6 Nd5 $16) 43... Kf8 44. Bxa6 Ng4 45. Bd2 Bd8 46.
Bxb5 Bb6 47. Be1 Nxh6 48. a4 Nf5 49. a5 Bd4 50. Kg2 {[%emt 0:00:00] Black
must now prevent Ba4.} Ke7 51. Bc6 Ba7 (51... Kd6 $142 52. Bf3 Kd7) 52. Ba4 Kd6 53. b5 {[%emt 0:00:00][%cal Yb4b5,Yb5b6] b6 is the strong
threat.} Bc5 54. b6 {[%emt 0:00:00][%cal Ye1b4] Threatens to
win with Bb4!} Nd4 $2 {[%emt 0:00:00] [#]} (54... Ne7 55. Kf3 f5) 55. Bb4 $1 Kd5 {[%emt 0:04:01] Weighted Error Value: White=0.08 (flawless)
/Black=0.19 (very precise)} (55... Bxb4 56. a6) 1-0

[Event "44th Chess Olympiad Open 2022"]
[Site "Chennai"]
[Date "2022.08.06"]
[Round "8.30"]
[White "Ervan, Mohamad"]
[Black "Al-Aqrabi, Saleh"]
[Result "1-0"]
[WhiteElo "2402"]
[BlackElo "2172"]
[Annotator "TA"]
[PlyCount "71"]
[EventDate "2022.??.??"]
[TimeControl "60"]

1. e4 c6 2. Nf3 d5 3. Nc3 Bg4 4. h3 Bh5 5. exd5 cxd5 6. Bb5+ Nc6 7. g4 Bg6 8. Ne5 Qc7 {[%emt 0:05:48] B11:
Caro-Kann: Two Knights Variation.} 9. d4 {[%emt 0:01:06] Threatens to win with
Bf4.} (9. Nxg6 hxg6 10. d4 e6 $11) 9... e6 10. Qe2 Bb4 {[%emt 0:07:52] White is slightly better.} 11. Bf4 Qb6 12. O-O {[%emt 0:01:25] White is more active.} Nge7 {
[%emt 0:00:39] [#]} 13. h4 $146 {[%emt 0:02:56] Strongly threatening a3.} ({
Predecessor:} 13. Rad1 a6 14. Bxc6+ bxc6 15. Bg3 Bxc3 16. bxc3 Qa5 17. h4 h6
18. Nxg6 Nxg6 19. h5 {1-0 (40) Farahat,A (2306)-Chimthere,A Lusaka 2005}) 13...
O-O (13... Qxd4 $11 14. Nxd5 Qxd5) 14. Bxc6 $14 Qxd4 $2 {[%emt 0:06:21] This costs Black the game.} (14... Nxc6 $14 15.
Nxc6 Qxc6) 15. Nxg6 $18 ({Stronger than} 15. Bxb7 Qxf4 16.
Bxa8 Bd6 $17) 15... Nxg6 16. Be3 Qe5 17. f4 Qf6 (17... Nxf4 $16
18. Bxf4 (18. Rxf4 Bxc3 19. Bxb7 Bxb2 $16) 18... Qxe2 19. Nxe2 bxc6) 18. Bb5 Qxh4 19. Kg2 {[%emt 0:04:15] Against Qg3+} Bd6
{[%emt 0:01:47] [#]} (19... f5 $142 20. Bd3 Qxg4+ 21. Qxg4 fxg4) 20. Bd3 $1 ({Don't do} 20. Rh1 $6 Qf6 $18) 20... f5 21.
Nb5 Bb8 22. Rh1 Qf6 (22... Qxg4+ {is a better defense.} 23. Qxg4 fxg4 24.
Bxg6 hxg6) 23. g5 Qe7 24. Raf1 a6 25. Nd4 {[%emt 0:00:49] Hoping for Qh5.} Bd6 $2 (25... Re8 26. Qf3 Nf8) 26. Qh5 Rae8 27. Qxh7+ Kf7 28. Rh6 Nh4+ 29. Rxh4 Rh8 30. Qxh8 Rxh8 31. Rxh8 Bc5 {[%emt 0:00:57] [#]} 32. Nf3 $1 Qc7 (32... Bd6 33. Bd4) 33. Bxc5 Qxc5 34. Kg3 {[%emt 0:01:16] Intending Re1 and mate.} Ke7 35. Re1 {[%emt 0:00:22] Threatening mate with Bxf5.} Kd6 36. Re8 {[%emt 0:00:14] Weighted Error Value: White=0.17 (very precise) /
Black=1.09} 1-0